Map: Ascension to Aiur LE

Players

Juxtapose

  • Race: Zerg Zerg
  • Spawn Location: 5:00

JCrack - Winner!

  • Race: Zerg Zerg
  • League: Gold
  • Spawn Location: 11:00

VOD

https://youtu.be/zJ-CfGSP3Og

Description

A pretty aggressive match. A faster tech to Mutalisks I believe would have been key, with a few more Spine Crawlers for defence.

Time

  • Played on: May 30, 2017, 8:14 p.m.
  • Length: 11:18
Show
View Real Time Build Order
Export as new Build Order

Juxtapose Zerg 

Build Orders: Pool First 

Get SALT Encoding   

  12  0:01  Drone  
  13  0:11  Drone  
  14  0:17  Overlord  
  14  0:36  Drone x2  
  14  0:37  Drone  
  17  0:50  Spawning Pool  
  17  0:54  Drone  
  17  0:59  Overlord  
  17  1:07  Extractor  
  17  1:09  Drone  
  17  1:25  Drone  
  18  1:35  Hatchery  
  18  1:39  Queen  
  19  1:40  Drone  
  20  1:48  Drone  
  21  1:55  Zergling x2  
  22  2:08  Zergling x2  
  23  2:14  Metabolic Boost  
  23  2:32  Overlord  
  23  2:33  Drone  
  23  2:36  Extractor  
  23  2:45  Roach Warren  
  23  2:47  Drone  
  23  2:59  Queen  
  25  3:11  Overlord x2  
  25  3:12  Zergling x4, Drone  
  28  3:21  Evolution Chamber, Drone  
  28  3:23  Drone x3  
  31  3:31  Spine Crawler  
  30  3:37  Drone x2  
  32  3:47  Drone x2  
  34  3:49  Drone x2  
  36  4:00  Queen  
  36  4:02  Drone  
  39  4:12  Queen  
  41  4:18  Zergling x6  
  41  4:19  Zergling x2  
  45  4:34  Spine Crawler  
  45  4:35  Zergling x6  
  42  4:56  Zergling x6  
  41  5:02  Drone x3  
  41  5:04  Zergling x6  
  41  5:18  Roach  
  43  5:33  Roach  
  43  5:34  Roach  
  43  5:35  Drone x3  
  49  5:36  Drone  
  49  5:40  Lair  
  50  6:07  Drone  
  50  6:09  Overlord x3  
  51  6:26  Zerg Melee Weapons Level 1  
  51  6:31  Drone x4  
  55  6:39  Extractor  
  54  6:50  Drone x2  
  56  6:57  Burrow  
  56  7:00  Hatchery  
  55  7:01  Drone  
  55  7:02  Drone x2  
  58  7:11  Spire  
  58  7:14  Roach x4  
  65  7:22  Extractor  
  64  7:27  Drone x3  
  67  7:31  Roach x3  
  67  7:33  Roach  
  75  7:42  Overlord x3  
  75  7:45  Overseer  
  75  7:46  Overseer x2  
  66  8:03  Spine Crawler  
  63  8:07  Queen  
  65  8:22  Mutalisk x3  
  65  8:23  Mutalisk x2  
  65  8:24  Mutalisk x4  
  65  8:25  Mutalisk  
  60  8:36  Drone x3  
  45  8:55  Drone  
  45  9:07  Queen  
  42  9:10  Mutalisk x2  
  42  9:11  Mutalisk  
  42  9:24  Drone x3  
  42  9:42  Drone x3  
  42  9:43  Queen  
  41  10:00  Spine Crawler  
  40  10:13  Drone x2  
  39  10:27  Drone x3  
  42  10:37  Drone  
Show
View Real Time Build Order
Export as new Build Order

JCrack Zerg - Winner!

Build Orders: Hatch First 

Get SALT Encoding   

  12  0:01  Drone  
  13  0:08  Drone  
  14  0:16  Overlord  
  14  0:23  Extractor  
  14  0:24  Drone  
  15  0:35  Drone  
  15  0:36  Drone  
  17  0:53  Hatchery  
  16  0:58  Drone  
  16  1:00  Drone  
  18  1:10  Extractor  
  17  1:16  Spawning Pool  
  16  1:19  Drone  
  16  1:22  Drone  
  18  1:28  Drone  
  19  1:40  Overlord  
  19  1:54  Drone  
  20  2:02  Drone  
  20  2:05  Queen  
  20  2:07  Queen  
  25  2:08  Drone  
  26  2:17  Drone  
  26  2:18  Drone  
  26  2:21  Drone  
  29  2:31  Metabolic Boost  
  29  2:32  Overlord x2  
  29  2:39  Zergling x2  
  30  2:59  Zergling x8  
  34  3:09  Baneling Nest  
  34  3:12  Zergling x4  
  35  3:15  Drone x3  
  38  3:25  Drone, Evolution Chamber  
  38  3:26  Drone  
  38  3:27  Drone x3  
  42  3:37  Drone x2  
  44  3:43  Drone  
  44  3:44  Spine Crawler  
  44  3:51  Zerg Melee Weapons Level 1  
  44  3:54  Baneling x2  
  44  3:55  Baneling x2, Zergling x2  
  44  3:56  Zergling x6  
  48  4:05  Queen  
  50  4:21  Zergling x4  
  50  4:23  Baneling x2  
  50  4:24  Baneling  
  52  4:26  Overlord x2  
  52  4:27  Overlord  
  52  4:35  Hatchery  
  51  4:42  Drone  
  51  4:44  Overlord, Queen  
  42  5:19  Extractor  
  40  5:23  Drone x4  
  40  5:24  Drone x2  
  46  5:32  Roach Warren  
  46  5:33  Overlord, Drone x3  
  46  5:34  Overlord x2  
  48  5:38  Extractor  
  48  5:42  Extractor, Lair  
  46  5:47  Zergling x8  
  50  5:56  Spine Crawler  
  49  6:08  Baneling x4  
  49  6:12  Roach x5  
  49  6:13  Roach  
  61  6:23  Roach x4  
  61  6:25  Zergling x2  
  69  6:36  Roach x2  
  73  6:43  Roach  
  75  6:54  Roach x5  
  83  6:57  Roach x3  
  91  7:16  Spire  
  91  7:19  Overlord, Drone x4  
  91  7:20  Overlord  
  94  7:31  Glial Reconstitution  
  94  7:34  Zerg Missile Weapons Level 1  
  94  7:35  Zergling x10, Hatchery  
  96  8:03  Roach x4  
  96  8:04  Roach x4  
  103  8:41  Roach x4  
  103  8:42  Roach x5  
  103  8:47  Queen  
  119  8:52  Roach x5  
  93  9:29  Mutalisk x6  
  97  9:55  Mutalisk x3  
  97  9:57  Zergling x2  
  97  9:58  Zergling x16  
  97  9:59  Zergling x2  
  77  10:29  Mutalisk x3  
  77  10:31  Zergling x8  
  77  10:32  Zergling x12  
  93  10:43  Drone x3  
  93  10:44  Drone x3  
  93  10:45  Overlord  
Tags
 
Add a new tag
Caveats
  • Supply blocks, unpowered buildings, or Contaminate may cause inaccurate times.
  • Supply counts are checked every 10 seconds.